 Dungeon Crawl Stone Soup version 0.29.1-2-gbd0b4ee654 (webtiles) character file.

Game seed: 1615273106481165482

37 qeuew the Vexing (level 3, -1/27 HPs)
             Began as a Barachi Arcane Marksman on Nov 4, 2022.
             Slain by a hobgoblin (3 damage)
             ... on level 2 of the Dungeon.
             The game lasted 00:02:55 (1163 turns).

qeuew the Vexing (Barachi Arcane Marksman)          Turns: 1163, Time: 00:02:55

Health: -1/27      AC:  2    Str: 11    XL:     3   Next: 41%
Magic:  5/5        EV: 12    Int: 13    God:
Gold:   58         SH:  0    Dex: 14    Spells: 0/4 levels left

rFire   . . .      SeeInvis .   a - +1 sling
rCold   . . .      Faith    .   (no shield)
rNeg    . . .      Spirit   .   c - +0 robe
rPois   +          Reflect  .   (no helmet)
rElec   .          Harm     .   (no cloak)
rCorr   .          Rampage  .   (no gloves)
Will    .....                   (no boots)
Stlth   +.........              (no amulet)
HPRegen 0.09/turn               l - ring of poison resistance
MPRegen 0.09/turn               (no ring)

@: invisible, slow
A: amphibious, slowness 1, strong legs 1, +LOS
a: Hop


You were on level 2 of the Dungeon.
You visited 1 branch of the dungeon, and saw 2 of its levels.

You collected 58 gold pieces.

Inventory:

Hand Weapons
 a - a +1 sling (weapon)
 e - a +2 short sword of speed
Armour
 c - a +0 robe (worn)
Jewellery
 d - an amulet of guardian spirit
 l - a ring of poison resistance (left hand)
Scrolls
 b - a scroll of poison
 g - a scroll of silence {unknown}
 h - a scroll of teleportation {unknown}
 j - a scroll of identify {unknown}
 k - a scroll of torment {unknown}
 m - a scroll of summoning {unknown}
Potions
 f - a potion of invisibility


   Skills:
 * Level 1.8 Fighting
 * Level 1.0 Short Blades
 + Level 2.6 Ranged Weapons
 * Level 0.3 Armour
 * Level 2.3 Dodging
 - Level 0.2 Stealth
 * Level 1.4 Spellcasting
 * Level 3.4 Hexes
 * Level 0.3 Fire Magic


You couldn't memorise any spells.
You knew the following spells:

 Your Spells              Type           Power      Damage    Failure   Level
a - Slow                  Hex            36%        N/A       7%          1
b - Inner Flame           Hex/Fire       5%         N/A       36%         3

Your spell library contained the following spells:

 Spells                   Type           Power      Damage    Failure   Level
 Portal Projectile        Hex/Tloc       10%        N/A       36%         3
 Cause Fear               Hex            4%         N/A       54%         4


Dungeon Overview and Level Annotations

Branches:
Dungeon (2/15)

Altars:


Innate Abilities, Weirdness & Mutations

You are amphibious.
You cover ground slowly.
You can hop short distances.
You have an extended range of vision and can be seen from far away.


Message History

Unknown command.
You are too injured to fight recklessly!
Fire: a) +1 sling
Press: ? - help, Q - select action, (/) - cycle Shift-Dir - straight line, f/p - adder
Aim: an adder (severely wounded, unable to see you, 38% to hit)
You shoot a sling bullet. The sling bullet hits the adder!
You kill the adder!
The quokka barely misses you. x2
Your Short Blades skill increases to level 1!
Fire: a) +1 sling
Press: ? - help, Q - select action, (/) - cycle Shift-Dir - straight line, f - quokka
Aim: a quokka (unable to see you, 46% to hit)
You shoot a sling bullet. The sling bullet hits the quokka.
The quokka is severely wounded.
The quokka closely misses you. The hobgoblin misses you.
The quokka barely misses you.
Fire: a) +1 sling
Press: ? - help, Q - select action, (/) - cycle Shift-Dir - straight line, f/p - quokka
Aim: a quokka (heavily wounded, unable to see you, 46% to hit)
You shoot a sling bullet.
The sling bullet hits the quokka but does no damage.
The quokka is heavily wounded.
The hobgoblin barely misses you. The quokka barely misses you.
The hobgoblin hits you.
* * * LOW HITPOINT WARNING * * *
Fire: a) +1 sling
Press: ? - help, Q - select action, (/) - cycle Shift-Dir - straight line, f/p - quokka
Aim: a quokka (heavily wounded, unable to see you, 46% to hit)
You shoot a sling bullet. The sling bullet hits the quokka.
The quokka is severely wounded.
The quokka bites you.
* * * LOW HITPOINT WARNING * * *
The hobgoblin closely misses you. The quokka closely misses you.
Fire: a) +1 sling
Press: ? - help, Q - select action, (/) - cycle Shift-Dir - straight line, f/p - quokka
Aim: a quokka (heavily wounded, unable to see you, 46% to hit)
You shoot a sling bullet. The sling bullet hits the quokka.
You kill the quokka!
The hobgoblin hits you.
You die...

.........###.####.
..................
##..####'###......
# #..##............
##.
#..##.......##.#.
#...##..##.......#
.#
.#............###.#
#
.....##..####.###.#
........@........ .
#....##g†####.### #
.................
##...##..##.(.###
#.......# #....
.........| ...
##...##..## . #...
#... #.. #...


You could see a hobgoblin (unable to see you).

Vanquished Creatures
  An adder (D:2)
  A dart slug (D:1)
  An orc (D:2)
  4 ball pythons
  2 endoplasms
  3 goblins (D:1)
  3 hobgoblins (D:1)
  3 kobolds (D:1)
  2 quokkas
  A bat (D:1)
  A frilled lizard (D:1)
  2 rats (D:1)
24 creatures vanquished.

Notes
Turn   | Place    | Note
-------+----------+-------------------------------------------
     0 | D:1      | qeuew the Barachi Arcane Marksman began the quest for the
                  | Orb.
     0 | D:1      | Reached XP level 1. HP: 15/15 MP: 2/2
   151 | D:1      | Reached XP level 2. HP: 21/21 MP: 0/3
   267 | D:1      | Found a faded altar of an unknown god.
   801 | D:1      | Reached XP level 3. HP: 23/27 MP: 5/5
  1013 | D:1      | Learned a level 3 spell: Inner Flame
  1160 | D:2      | Reached skill level 1 in Short Blades
  1163 | D:2      | Slain by a hobgoblin

Illustrated notes

Levels and vault maps discovered:
D:1:      sevenhm_arrival_forest_fort_large_4, layout_basic,
          basic_ecumenical_altar
D:2:      layout_basic, minmay_unequal, uniq_jessica

Skill      XL: |  1  2  3 |
---------------+----------+-----
Short Blades   | 1 |  1.0
Fighting       | |  1.8
Ranged Weapons | |  2.6
Armour         | |  0.3
Dodging        | |  2.3
Stealth        | |  0.2
Spellcasting   | |  1.4
Hexes          | |  3.4
Fire Magic     | |  0.3

Action                   || total
-------------------------++-------
 Fire: Sling             ||    85
 Cast: Slow              ||    16
  Use: Potion            ||     2
Armor: Robe              ||     5
Dodge: Dodged            ||    49
